Map: Blackpink LE

Players

TentacleToss

  • Race: Protoss Protoss
  • League: Platinum
  • Spawn Location: 1:00

axu - Winner!

  • Race: Protoss Protoss
  • League: Platinum
  • Spawn Location: 7:00

VOD

Have the link to the VOD?

Description

Time

  • Played on: April 11, 2018, 8:45 a.m.
  • Length: 17:34
Show
View Real Time Build Order
Export as new Build Order

TentacleToss Protoss 

Build Orders:  

Get SALT Encoding   

  12  0:01  Probe  
  13  0:13  Probe  
  14  0:23  Pylon  
  14  0:25  Probe  
  15  0:41  Probe (Chrono Boost)  
  16  0:45  Gateway  
  16  0:52  Assimilator  
  16  0:53  Probe (Chrono Boost)  
  17  0:59  Probe (Chrono Boost)  
  18  1:07  Probe (Chrono Boost)  
  19  1:13  Gateway  
  19  1:19  Probe (Chrono Boost)  
  19  1:20  Pylon  
  20  1:34  Cybernetics Core  
  20  1:39  Assimilator  
  20  1:41  Probe  
  20  1:53  Probe (Chrono Boost)  
  21  2:05  Probe (Chrono Boost)  
  22  2:10  Warp Gate  
  22  2:11  Pylon  
  22  2:13  Stalker x2, Probe (Chrono Boost)  
  27  2:20  Probe  
  28  2:34  Robotics Facility  
  28  2:43  Stalker  
  30  2:48  Stalker  
  32  2:57  Probe  
  33  3:08  Gateway  
  33  3:10  Probe  
  34  3:15  Pylon  
  34  3:19  Sentry  
  33  3:39  Warp Prism (Chrono Boost)  
  34  3:50  Pylon  
  34  3:56  Adept x2  
  34  3:58  Probe  
  39  4:10  Probe  
  38  4:40  Stalker  
  40  4:52  Gateway  
  40  4:53  Stalker, Gateway  
  42  5:05  Adept  
  42  5:06  Adept  
  42  5:21  Stalker  
  44  5:34  Stalker  
  44  5:35  Stalker  
  44  5:46  Sentry  
  44  5:47  Nexus  
  46  5:51  Assimilator  
  46  5:54  Assimilator  
  46  5:58  Stalker  
  46  6:02  Zealot  
  48  6:36  Nexus  
  48  6:42  Probe (Chrono Boost)  
  49  6:53  Immortal, Probe (Chrono Boost)  
  54  6:57  Probe (Chrono Boost)  
  54  7:00  Pylon  
  55  7:10  Pylon  
  55  7:11  Probe (Chrono Boost)  
  57  7:18  Probe (Chrono Boost)  
  57  7:24  Twilight Council  
  57  7:29  Sentry  
  59  7:44  Zealot x2  
  63  7:59  Probe (Chrono Boost)  
  63  8:04  Probe x2 (Chrono Boost)  
  66  8:09  Probe (Chrono Boost)  
  66  8:11  Templar Archives  
  64  8:13  Probe (Chrono Boost)  
  64  8:14  Probe (Chrono Boost)  
  64  8:16  Probe (Chrono Boost)  
  66  8:26  Probe x2 (Chrono Boost)  
  68  8:29  Probe (Chrono Boost)  
  69  8:35  Shield Battery  
  69  8:36  Probe (Chrono Boost)  
  70  8:48  Zealot  
  72  8:53  Zealot  
  74  8:56  Probe  
  74  8:57  Probe  
  74  9:01  High Templar x3  
  81  9:04  Archon  
  80  9:17  Pylon  
  80  9:18  High Templar  
  80  9:19  High Templar  
  80  9:22  Archon  
  84  9:27  Probe x2  
  86  9:34  Pylon  
  86  9:35  Immortal (Chrono Boost)  
  90  9:39  Probe x2  
  90  9:45  High Templar  
  94  9:51  Nexus  
  94  9:55  Archon  
  94  9:59  Probe x2  
  96  10:02  Stalker  
  98  10:11  Probe x2  
  98  10:13  Pylon  
  100  10:15  Pylon  
  100  10:16  Forge  
  100  10:19  Observer  
  101  10:34  Zealot  
  103  10:41  Immortal (Chrono Boost)  
  107  10:44  Protoss Ground Weapons Level 1 (Chrono Boost)  
  107  10:45  Stalker x2  
  107  10:46  Stalker  
  113  10:58  Stalker  
  113  10:59  Stalker  
  117  11:06  Probe x3  
  120  11:18  Probe x2, Forge  
  122  11:35  Nexus  
  122  11:36  Pylon  
  122  11:38  High Templar x3  
  128  11:41  Assimilator, High Templar  
  128  11:43  Archon, Assimilator  
  128  11:45  Archon  
  130  11:55  Immortal  
  130  11:59  Pylon  
  134  12:04  Protoss Ground Armor Level 1 (Chrono Boost)  
  134  12:12  Probe x3  
  137  12:19  Zealot x4  
  145  12:24  Probe x2  
  136  12:44  Stalker x2  
  127  13:04  Pylon  
  127  13:05  Pylon  
  127  13:06  Psionic Storm  
  127  13:07  Pylon, Protoss Ground Weapons Level 2 (Chrono Boost)  
  127  13:08  Probe x2 (Chrono Boost)  
  127  13:10  Pylon  
  127  13:12  Probe (Chrono Boost)  
  130  13:16  Immortal  
  130  13:17  Charge (Chrono Boost)  
  130  13:19  Probe x2 (Chrono Boost)  
  136  13:22  Probe (Chrono Boost)  
  137  13:31  Zealot x2  
  141  13:36  Nexus  
  141  13:37  Pylon  
  141  13:48  Protoss Ground Armor Level 2 (Chrono Boost)  
  141  13:57  Immortal, Robotics Bay  
  143  14:09  Zealot x4  
  151  14:15  Probe x2  
  151  14:16  Probe  
  154  14:20  High Templar  
  156  14:27  Probe  
  156  14:28  Probe  
  158  14:33  Pylon  
  158  14:46  Pylon  
  158  14:49  Zealot x4, Pylon  
  137  15:10  Zealot x5  
  143  15:27  Probe x3  
  143  15:28  Probe  
  131  15:39  Probe x2  
  133  15:49  Zealot x5  
  143  16:08  Immortal (Chrono Boost), Nexus  
  143  16:10  Assimilator  
  147  16:12  Assimilator  
  147  16:18  High Templar x4  
  153  16:19  High Templar  
  153  16:25  Archon x2  
  100  16:54  Stalker x4  
  100  17:11  Zealot  
  78  17:25  Stalker x4  
Show
View Real Time Build Order
Export as new Build Order

axu Protoss - Winner!

Build Orders:  

Get SALT Encoding   

  12  0:01  Probe  
  13  0:20  Probe  
  13  0:21  Pylon  
  14  0:32  Probe  
  15  0:41  Gateway  
  15  0:50  Assimilator  
  15  0:57  Probe (Chrono Boost)  
  15  1:01  Assimilator  
  16  1:09  Probe (Chrono Boost)  
  17  1:14  Probe (Chrono Boost)  
  18  1:23  Probe  
  18  1:25  Gateway  
  19  1:30  Cybernetics Core  
  19  1:35  Probe (Chrono Boost)  
  20  1:45  Probe (Chrono Boost)  
  21  1:54  Pylon  
  21  1:58  Probe  
  22  2:11  Probe  
  22  2:14  Adept (Chrono Boost)  
  27  2:16  Warp Gate  
  27  2:22  Adept (Chrono Boost)  
  27  2:23  Probe  
  28  2:33  Pylon  
  28  2:36  Stalker  
  30  2:50  Nexus  
  30  2:55  Stalker  
  32  3:06  Shield Battery  
  32  3:17  Probe  
  31  3:39  Stalker x2  
  33  3:47  Pylon  
  33  4:01  Gateway x2  
  33  4:02  Probe  
  34  4:03  Probe  
  34  4:08  Robotics Facility  
  35  4:12  Shield Battery  
  35  4:14  Probe  
  35  4:15  Probe  
  37  4:27  Shield Battery  
  37  4:28  Stalker  
  39  4:41  Stalker  
  39  4:44  Probe x2  
  43  4:53  Pylon  
  41  5:15  Immortal (Chrono Boost)  
  45  5:24  Shield Battery  
  45  5:28  Stalker x2  
  49  5:35  Probe x2  
  51  5:47  Probe x2  
  53  5:50  Stalker x2  
  57  5:57  Immortal (Chrono Boost)  
  57  5:59  Probe  
  62  6:08  Pylon  
  62  6:09  Pylon  
  62  6:10  Probe  
  61  6:21  Pylon  
  61  6:24  Pylon  
  61  6:25  Twilight Council  
  61  6:30  Gateway  
  61  6:36  Stalker x3  
  61  6:39  Sentry  
  69  6:42  Probe x2  
  69  6:44  Immortal (Chrono Boost)  
  75  6:47  Assimilator  
  75  6:49  Assimilator  
  75  6:54  Probe x2  
  77  7:12  Probe  
  78  7:16  Observer (Chrono Boost)  
  78  7:17  Probe  
  78  7:18  Nexus  
  78  7:19  Pylon  
  80  7:24  Probe  
  80  7:29  Probe  
  82  7:38  Observer  
  82  7:39  Probe  
  82  7:41  Probe  
  85  7:46  Shield Battery x2  
  85  7:51  Probe  
  85  7:52  Zealot x4  
  85  7:53  Zealot  
  96  8:17  Charge  
  96  8:30  Warp Prism  
  98  8:40  Zealot x3  
  104  8:41  Probe  
  104  8:42  Probe x2  
  107  8:54  Probe  
  108  9:13  Stalker x2  
  108  9:14  Stalker x2  
  108  9:15  Probe  
  117  9:24  Assimilator  
  117  9:26  Assimilator  
  117  9:30  Forge  
  117  9:31  Forge  
  117  9:53  Templar Archives  
  117  10:14  Pylon  
  117  10:15  Pylon  
  117  10:18  Photon Cannon  
  117  10:19  Pylon  
  117  10:20  Photon Cannon  
  117  10:22  Protoss Ground Weapons Level 1 (Chrono Boost), Pylon  
  117  10:24  Pylon  
  117  10:32  Immortal, Probe x3  
  117  10:33  Protoss Ground Armor Level 1 (Chrono Boost)  
  124  10:38  Pylon  
  124  10:39  Blink  
  124  10:40  Pylon  
  124  10:44  Gateway x2, Probe x2  
  124  10:47  Gateway  
  126  10:50  Gateway  
  126  10:51  Gateway  
  126  10:52  Stargate  
  126  10:54  Gateway  
  125  10:58  Zealot x4  
  125  10:59  Zealot  
  125  11:09  High Templar  
  125  11:10  High Templar x4  
  135  11:18  Archon x2  
  135  11:43  High Templar  
  135  11:44  High Templar x5  
  135  11:45  High Templar x4  
  155  11:48  High Templar  
  155  11:49  Archon  
  155  11:50  Archon x4  
  155  11:52  Archon  
  157  12:05  Protoss Ground Weapons Level 2 (Chrono Boost)  
  157  12:10  Protoss Shields Level 1 (Chrono Boost)  
  157  12:13  Fleet Beacon  
  157  12:23  Zealot x5  
  165  12:30  Zealot x4  
  164  13:04  Mothership  
  164  13:21  Graviton Catapult  
  164  13:24  Stargate  
  164  13:25  Stargate  
  164  13:29  Stargate  
  164  13:33  Immortal  
  168  13:46  Nexus  
  168  13:48  Pylon  
  168  13:50  Pylon  
  168  13:52  Pylon  
  168  13:54  Assimilator  
  168  13:59  Assimilator  
  167  14:13  Observer  
  168  14:23  Zealot x2  
  168  14:24  Zealot x5  
  176  14:25  Zealot x4  
  176  14:29  Carrier (Chrono Boost)  
  156  15:10  Zealot x3  
  156  15:11  Zealot x5  
  160  15:16  Carrier x3 (Chrono Boost)  
  162  15:43  High Templar x4  
  162  15:44  High Templar  
  162  15:47  Archon x2  
  162  15:48  Immortal (Chrono Boost)  
  176  16:21  Immortal  
  180  16:37  Zealot x4  
  180  16:38  Zealot x3  
  174  16:58  Zealot x3  
  174  16:59  Zealot x4  
  174  17:00  Zealot x3  
  186  17:19  Zealot  
  186  17:20  Zealot x5  
  186  17:21  Zealot x4  
Tags
 
Add a new tag
Caveats
  • Supply blocks, unpowered buildings, or Contaminate may cause inaccurate times.
  • Supply counts are checked every 10 seconds.